[ AOE2 MATCH · #507099283 ]
UnrankedTeutons vs Burmese
Player's team · LOSS
Rival team · WIN
[ REPLAY ANALYSIS · EXTRACTED FROM THE RECORDED GAME ]
Feudal
9:30
Castle
—
Imperial
—
| APM avg | 27.1 |
| APM peak | 53 |
| eAPM avg | 15.9 |
| Villagers / military | 47 / 0 |
Focus
⚔️ 22.6% · 🌾 77.4%
Feudal
10:10
Castle
—
Imperial
—
| APM avg | 64.4 |
| APM peak | 104 |
| eAPM avg | 26.9 |
| Villagers / military | 42 / 6 |
Focus
⚔️ 23.9% · 🌾 76.1%
Militia ×4 · Scout Cavalry ×2
Match map
Initial resources + every placement click. Lines = walls · curves = elevation contours. ◆ gold · ⬟ stone · ● berries · ✦ relic · ◌ wall gap
Your base· Open — unwalled flank
Le Miel Jospin's base· Open — unwalled flank
Smoothed initial terrain · ◌ = detected wall gap · hover for details
Inputs per minute
— Lord_calderon - - Le Miel Jospin
Build order — Lord_calderon
111 actions detected in the replay
| 0:01 | Queue | Villager (Male) |
| 0:02 | Queue | Villager (Male) |
| 0:03 | Build | House |
| 0:05 | Build | House |
| 0:09 | Queue | Villager (Male) |
| 0:09 | Queue | Villager (Male) |
| 0:09 | Queue | Villager (Male) |
| 1:28 | Build | Mill |
| 1:32 | Queue | Villager (Male) |
| 1:44 | Queue | Villager (Male) |
| 2:16 | Queue | Villager (Male) |
| 2:50 | Queue | Villager (Male) |
| 2:50 | Queue | Villager (Male) |
| 3:04 | Queue | Villager (Male) |
| 3:25 | Research | Loom |
| 3:38 | Queue | Villager (Male) |
| 3:39 | Queue | Villager (Male) |
| 3:51 | Queue | Villager (Male) |
| 3:59 | Build | House |
| 4:41 | Queue | Villager (Male) |
| 5:12 | Queue | Villager (Male) |
| 5:13 | Queue | Villager (Male) |
| 5:13 | Queue | Villager (Male) |
| 5:20 | Build | Lumber Camp |
| 6:28 | Queue | Villager (Male) |
| 6:30 | Research | Loom |
| 7:20 | Research | Feudal Age |
| 7:54 | Build | Mining Camp |
| 8:44 | Build | House |
| 8:48 | Build | Palisade Wall |
| 8:52 | Build | Palisade Wall |
| 8:53 | Build | Palisade Wall |
| 8:55 | Build | Palisade Wall |
| 9:30 | Age | Feudal Age |
| 9:33 | Queue | Villager (Male) |
| 9:52 | Build | Watch Tower |
| 9:58 | Queue | Villager (Male) |
| 10:22 | Build | Watch Tower |
| 10:26 | Build | Palisade Wall |
| 10:32 | Queue | Villager (Male) |
| 10:38 | Build | Palisade Wall |
| 10:43 | Build | Palisade Wall |
| 10:45 | Build | Palisade Wall |
| 10:52 | Build | Palisade Wall |
| 10:58 | Build | Palisade Wall |
| 11:01 | Build | Palisade Wall |
| 11:05 | Queue | Villager (Male) |
| 11:24 | Queue | Villager (Male) |
| 11:33 | Build | House |
| 11:34 | Queue | Villager (Male) |
| 11:57 | Build | Palisade Wall |
| 12:05 | Queue | Villager (Male) |
| 12:18 | Queue | Villager (Male) |
| 12:22 | Build | Watch Tower |
| 12:25 | Queue | Villager (Male) |
| 12:36 | Build | Blacksmith |
| 12:38 | Build | Palisade Wall |
| 12:51 | Build | Farm |
| 12:51 | Build | Farm |
| 12:52 | Build | Farm |
| 12:52 | Build | Farm |
| 12:52 | Build | Farm |
| 13:34 | Queue | Villager (Male) |
| 13:40 | Build | House |
| 14:04 | Build | Watch Tower |
| 14:08 | Queue | Villager (Male) |
| 14:10 | Build | Farm |
| 14:10 | Build | Farm |
| 14:12 | Research | Fletching |
| 14:12 | Research | Fletching |
| 14:20 | Queue | Villager (Male) |
| 14:55 | Queue | Villager (Male) |
| 15:24 | Build | House |
| 15:26 | Build | House |
| 15:31 | Build | Farm |
| 15:31 | Build | Farm |
| 15:33 | Queue | Villager (Male) |
| 15:58 | Build | Watch Tower |
| 16:21 | Queue | Villager (Male) |
| 16:24 | Build | Farm |
| 16:25 | Build | Farm |
| 16:25 | Build | Farm |
| 16:28 | Queue | Villager (Male) |
| 16:50 | Queue | Villager (Male) |
| 17:04 | Build | Mill |
| 17:22 | Queue | Villager (Male) |
| 17:37 | Queue | Villager (Male) |
| 17:39 | Build | Farm |
| 17:55 | Build | Farm |
| 17:57 | Build | Farm |
| 17:58 | Queue | Villager (Male) |
| 18:05 | Research | Double-Bit Axe |
| 18:16 | Build | Watch Tower |
| 18:38 | Queue | Villager (Male) |
| 18:56 | Queue | Villager (Male) |
| 19:26 | Build | Watch Tower |
| 19:35 | Queue | Villager (Male) |
| 19:38 | Build | Mining Camp |
| 19:43 | Build | Farm |
| 19:44 | Build | Farm |
| 19:47 | Build | Outpost |
| 20:03 | Queue | Villager (Male) |
| 20:12 | Build | Barracks |
| 20:29 | Queue | Villager (Male) |
| 20:53 | Build | House |
| 20:54 | Queue | Villager (Male) |
| 21:25 | Build | Stable |
| 21:26 | Queue | Villager (Male) |
| 21:34 | Build | Farm |
| 21:52 | Queue | Villager (Male) |
| 22:08 | Build | Farm |
Build order — Le Miel Jospin
100 actions detected in the replay
| 0:00 | Queue | Villager (Male) |
| 0:02 | Build | House |
| 0:02 | Queue | Villager (Male) |
| 0:03 | Build | House |
| 0:06 | Queue | Villager (Male) |
| 0:13 | Queue | Villager (Male) |
| 1:42 | Queue | Villager (Male) |
| 1:59 | Queue | Villager (Male) |
| 2:18 | Queue | Villager (Male) |
| 2:20 | Build | Lumber Camp |
| 2:51 | Queue | Villager (Male) |
| 3:03 | Queue | Villager (Male) |
| 3:19 | Build | House |
| 3:44 | Queue | Villager (Male) |
| 4:15 | Queue | Villager (Male) |
| 4:15 | Queue | Villager (Male) |
| 4:25 | Queue | Villager (Male) |
| 5:10 | Build | Mill |
| 5:21 | Queue | Villager (Male) |
| 5:24 | Queue | Villager (Male) |
| 5:38 | Queue | Villager (Male) |
| 5:39 | Queue | Villager (Male) |
| 5:39 | Queue | Villager (Male) |
| 5:42 | Build | House |
| 6:37 | Queue | Villager (Male) |
| 6:40 | Build | Barracks |
| 7:04 | Queue | Villager (Male) |
| 7:21 | Research | Loom |
| 7:27 | Build | House |
| 7:51 | Queue | Militia |
| 7:57 | Research | Feudal Age |
| 8:02 | Queue | Militia |
| 8:10 | Build | Mining Camp |
| 8:40 | Queue | Militia |
| 8:44 | Queue | Militia |
| 9:17 | Build | Mill |
| 10:10 | Age | Feudal Age |
| 10:11 | Research | Man-at-Arms (upgrade) |
| 10:11 | Research | Man-at-Arms (upgrade) |
| 10:12 | Queue | Villager (Male) |
| 10:26 | Queue | Villager (Male) |
| 10:31 | Build | Farm |
| 10:45 | Build | Stable |
| 11:00 | Queue | Villager (Male) |
| 11:09 | Queue | Villager (Male) |
| 11:13 | Research | Horse Collar |
| 11:18 | Build | Farm |
| 11:18 | Build | Farm |
| 11:19 | Queue | Villager (Male) |
| 11:49 | Queue | Villager (Male) |
| 11:51 | Build | Farm |
| 12:20 | Queue | Villager (Male) |
| 12:21 | Build | House |
| 12:25 | Build | Farm |
| 12:29 | Build | Farm |
| 12:30 | Build | Farm |
| 12:30 | Build | Farm |
| 12:40 | Build | Farm |
| 12:45 | Build | Farm |
| 13:04 | Queue | Villager (Male) |
| 13:05 | Queue | Scout Cavalry |
| 13:23 | Queue | Villager (Male) |
| 13:26 | Build | Farm |
| 13:31 | Build | Palisade Wall |
| 13:35 | Build | Farm |
| 13:55 | Build | Watch Tower |
| 14:02 | Queue | Villager (Male) |
| 14:06 | Queue | Villager (Male) |
| 14:08 | Build | Farm |
| 14:11 | Build | Mining Camp |
| 14:29 | Queue | Villager (Male) |
| 14:31 | Build | House |
| 14:31 | Build | House |
| 14:36 | Queue | Villager (Male) |
| 14:36 | Queue | Villager (Male) |
| 15:03 | Queue | Villager (Male) |
| 15:24 | Queue | Villager (Male) |
| 15:31 | Build | Mining Camp |
| 15:33 | Build | Farm |
| 15:36 | Build | Farm |
| 15:39 | Build | Farm |
| 15:49 | Build | Watch Tower |
| 16:07 | Build | House |
| 16:18 | Build | Blacksmith |
| 16:52 | Build | House |
| 16:56 | Queue | Villager (Male) |
| 17:25 | Build | House |
| 17:27 | Queue | Villager (Male) |
| 17:29 | Queue | Scout Cavalry |
| 17:53 | Build | Watch Tower |
| 18:06 | Build | Farm |
| 18:13 | Queue | Villager (Male) |
| 18:44 | Queue | Villager (Male) |
| 19:01 | Build | Mill |
| 20:03 | Build | House |
| 20:10 | Queue | Villager (Male) |
| 20:18 | Research | Castle Age |
| 20:58 | Build | Farm |
| 21:37 | Research | Town Watch |
| 22:49 | Queue | Villager (Male) |
Match timeline
| 6:40 | Le Miel Jospin · first_building Barracks |
| 8:48 | Lord_calderon · wall_segment Palisade Wall x2 |
| 8:52 | Lord_calderon · wall_segment Palisade Wall x1 |
| 8:53 | Lord_calderon · wall_segment Palisade Wall x1 |
| 8:55 | Lord_calderon · wall_segment Palisade Wall x3 |
| 9:30 | Lord_calderon · age_up feudal |
| 10:10 | Le Miel Jospin · age_up feudal |
| 10:26 | Lord_calderon · wall_segment Palisade Wall x2 |
| 10:38 | Lord_calderon · wall_segment Palisade Wall x1 |
| 10:43 | Lord_calderon · wall_segment Palisade Wall x4 |
| 10:45 | Le Miel Jospin · first_building Stable |
| 10:45 | Lord_calderon · wall_segment Palisade Wall x2 |
| 10:52 | Lord_calderon · wall_segment Palisade Wall x3 |
| 10:58 | Lord_calderon · wall_segment Palisade Wall x1 |
| 11:01 | Lord_calderon · wall_segment Palisade Wall x3 |
| 11:57 | Lord_calderon · wall_segment Palisade Wall x1 |
| 12:38 | Lord_calderon · wall_segment Palisade Wall x1 |
| 13:31 | Le Miel Jospin · wall_segment Palisade Wall x10 |
| 20:12 | Lord_calderon · first_building Barracks |
| 21:25 | Lord_calderon · first_building Stable |
| 23:00 | Lord_calderon · resign |
[ AI ANALYSIS · 1 CREDIT ]
What really happened in this match?
Wolo.gg analyzes every decision: build order, eco, micro, common mistakes by bracket. Personalized analysis on WhatsApp or Discord in 30 seconds.
Civ guide
Teutons
Perfil
Jugador #2723392